 Dungeon Crawl Stone Soup version 0.32-a0-699-g1ee5eff69a (console) character file.

Game seed: 17063218473977431665

41656 lilyka the Nimble (level 13, -3/70 HPs)
             Began as a Felid Wanderer on Mar 13, 2024.
             Was a High Priest of Beogh.
             Slain by a dream sheep (5 damage)
             ... on level 4 of the Lair of Beasts.
             The game lasted 01:04:21 (22658 turns).

lilyka the Nimble (Felid Wanderer)                 Turns: 22658, Time: 01:04:22

Health: -3/70      AC:  3    Str:  4    XL:     13   Next: 81%
Magic:  9/28       EV: 35    Int: 22    God:    Beogh [*****.]
Gold:   651        SH:  5    Dex: 25    Spells: 15/32 levels left
                                        Lives:  0   Deaths: 4

rFire   . .          .
                       - Unarmed
rCold   + . .        (shield unavailable)
rNeg    . . .        (body armour unavailable)
rPois   .            (helmet unavailable)
rElec   .            (cloak unavailable)
rCorr   .            (gloves unavailable)
SInv    +            (boots unavailable)
Will    +....        g - amulet of reflection
Stlth   ++           r - +5 ring of evasion
HPRegen 0.31/turn    x - +6 ring of dexterity
MPRegen 0.21/turn

%: reflection
@: no status effects
A: walk on water, very small, claws 1, fangs 3, see invisible, shaggy fur 3,
stealthy paws, no weapons or thrown items, no armour, multi-lived
a: Renounce Religion, Smiting, Recall Apostles, Blood for Blood, Dismiss Gorm,
warrior, Dismiss Wardok, wizard, Dismiss Ugbert, wizard


You were on level 4 of the Lair of Beasts.
You worshipped Beogh.
Beogh was extremely pleased with you.
You visited 2 branches of the dungeon, and saw 15 of its levels.
You also visited: Sewer.

You collected 980 gold pieces.
You spent 329 gold pieces at shops.

Inventory:

Jewellery
 g - an amulet of reflection (around neck)
 r - a +5 ring of evasion (left paw)
 x - a +6 ring of dexterity (right paw)
 A - a ring of wizardry
 B - a ring of resist corrosion
 E - a +6 ring of dexterity
 G - a +6 ring of intelligence
 I - a ring of willpower
 K - an amulet of the acrobat
Wands
 q - a wand of acid (5)
 u - a wand of paralysis (20)
 y - a wand of mindburst (15)
 D - a wand of iceblast (6)
 J - a wand of digging (5)
Scrolls
 b - 3 scrolls of blinking
 c - a scroll of fog
 e - a scroll of noise {unknown}
 f - 6 scrolls of identify
 h - 2 scrolls of poison
 i - 8 scrolls of teleportation
 l - 3 scrolls of revelation
 n - 2 scrolls of immolation
 o - a scroll of enchant armour
 p - a scroll of torment
 H - a scroll of vulnerability
Potions
 a - a potion of berserk rage
 d - 2 potions of lignification
 j - 4 potions of mutation
 k - 3 potions of ambrosia
 m - a potion of invisibility
 s - 2 potions of attraction
 t - a potion of haste
 v - a potion of enlightenment
 w - a potion of curing
 z - 3 potions of heal wounds
 C - a potion of might
 F - a potion of brilliance


   Skills:
 + Level 8.9 Fighting
 - Level 13.0 Dodging
 - Level 4.0 Unarmed Combat
 - Level 10.0 Spellcasting
 - Level 8.0 Conjurations
 - Level 9.0 Necromancy
 - Level 8.0 Earth Magic
 - Level 5.0 Alchemy
 - Level 7.0 Invocations
 - Level 3.0 Evocations


You had 15 spell levels left.
You knew the following spells:

 Your Spells              Type           Power      Damage    Failure   Level
a - Sandblast             Erth           92%        2d19      1%          1
b - Stone Arrow           Conj/Erth      92%        3d12      1%          3
c - Brom's Barrelling Bo  Conj/Erth      46%        2d6       2%          4
d - Fulminant Prism       Conj/Alch      19%        3d10      4%          4
e - Borgnjor's Vile Clut  Necr/Erth      24%        N/A       4%          5

Your spell library contained the following spells:

 Spells                   Type           Power      Damage    Failure   Level
 Magic Dart               Conj           100%       1d8       1%          1
 Shock                    Conj/Air       100%       1d9       1%          1
 Cigotuvi's Dreadful Rot  Necr/Alch/Air  62%        N/A       1%          2
 Searing Ray              Conj           92%        2d7       1%          2
 Scorch                   Fire           22%        2d5       9%          2
 Flame Wave               Conj/Fire      28%        2d9       12%         4
 Inner Flame              Hex/Fire       11%        N/A       19%         3
 Swiftness                Air            11%        N/A       19%         3
 Ignite Poison            Fire/Alch      22%        N/A       22%         4
 Sticky Flame             Fire/Alch      22%        2d6       22%         4
 Alistair's Intoxication  Alch           22%        N/A       22%         5
 Freezing Cloud           Conj/Ice/Air   11%        6-21      50%         5
 Airstrike                Air            5%         2d(1-17)  52%         4
 Eringya's Noxious Bog    Alch           16%        4d6       75%         6
 Summon Cactus Giant      Summ           5%         N/A       100%        6


Dungeon Overview and Level Annotations

Branches:
Dungeon (10/15)            Temple (0/1) D:7            Lair (5/5) D:8
 Shoals (0/4) Lair:3       Spider (0/4) Lair:3        Slime (0/5) Lair:4
    Orc (0/2) D:9           Sewer (visited)

Altars:
Dithmenos
Elyvilon
Gozag
Zin
Beogh
Jiyva

Shops:
D:3 ?   D:5 :(   D:7 *[[(   D:9 *

Annotations:
D:8 Jeremiah


Innate Abilities, Weirdness & Mutations

You can walk on water.
Your facial features are unmistakably orcish.
You have sharp claws.
You have razor-sharp teeth.
You have supernaturally acute eyesight. (SInv)
Your thick and shaggy fur keeps you warm. (AC +3, rC+)
Your paws help you pounce on unaware monsters.
You are incapable of wielding weapons or throwing items.
You cannot wear armour.
You gain extra lives every three experience levels.


Message History

The elephant tramples you but does no damage.
You block the elephant's attack. The dream sheep headbutts you.
* * * LOW HITPOINT WARNING * * *
You scratch the dream sheep.
The dream sheep is lightly wounded.
The elephant closely misses you. The elephant barely misses you.
The dream sheep ruffles its wool and motes of dream dust sparkle, to no effect.
You scratch the dream sheep.
The dream sheep is moderately wounded.
The elephant completely misses you. You block the elephant's attack.
The dream sheep completely misses you.
You scratch the elephant but do no damage.
The elephant is almost dead.
The elephant completely misses you. x2; You block the dream sheep's attack.
You scratch the elephant but do no damage.
The elephant is almost dead.
The elephant tramples you!
* * * LOW HITPOINT WARNING * * *
You hold your ground!
The elephant barely misses you. The dream sheep misses you.
You scratch the elephant but do no damage.
The elephant is almost dead.
The elephant completely misses you. x2; The dream sheep headbutts you.
* * * LOW HITPOINT WARNING * * *
You scratch the elephant but do no damage.
The elephant is almost dead.
You block the elephant's attack. The elephant barely misses you.
The dream sheep completely misses you.
You scratch the elephant.
The elephant is almost dead.
The elephant misses you. The elephant trunk-slaps you.
* * * LOW HITPOINT WARNING * * *
You block the dream sheep's attack.
You scratch the dream sheep.
The dream sheep is heavily wounded.
You block the elephant's attack. The elephant completely misses you.
You scratch the elephant but do no damage.
The elephant is almost dead.
The dream sheep headbutts you.
You die...

..ß♣♣....###†.≈≈≈≈≈~≈..÷##P..÷###
.P.......###...~≈~~~.........#.##
........#.####...~.~.##.#........
..(....#.## ###.#~~#####..#...#.
.....##### #..### ##...######
##.### #†######...######. ###
#..#P##)..........
##YY......÷......÷.
#P@#..##...........
#########.#...#..#. #####.#####
###


You could see an elephant and a dream sheep.

Vanquished Creatures
  Gastronok (Lair:3)
  A catoblepas (Lair:4)
  2 hydras
  3 two-headed ogres (D:10)
  7 death yaks
  Amaemon (Lair:1)
  A skyshark (Lair:2)
  Pikel (D:4)
  2 cyclopes (D:10)
  6 elephants
  A meliai (Lair:3)
  A black mamba (Lair:1)
  Joseph (D:7)
  2 torpor snails
  8 cane toads
  A rime drake (Lair:4)
  4 komodo dragons
  A hellwing (Lair:4)
  A hornet (D:9)
  3 dream sheep
  3 blink frogs (Lair:4)
  A vampire (D:9)
  A shadow (D:10)
  Sigmund (D:5)
  3 wyverns
  20 yaks
  2 basilisks
  9 water moccasins
  An acid dragon (D:10)
  2 black bears
  An orc warrior (D:7)
  3 sky beasts
  An ice beast (D:8)
  A wolf (D:8)
  2 centaurs
  The ghost of justen the Charlatan, an amateur CoAr of Yredelemnul (D:3)
  2 lemures (D:5)
  6 kobold brigands
  2 brain worms (Sewer)
  8 bullfrogs
  2 scorpions
  4 wights (D:6)
  3 killer bees (D:6)
  5 howler monkeys
  2 bombardier beetles (D:6)
  2 hounds
  10 jellies
  A gnoll bouda (D:7)
  3 sleepcaps
  Ijyb (D:3)
  Terence (D:2)
  7 iguanas
  5 hell rats
  5 orc wizards
  Robin (D:2)
  10 gnolls
  13 adders
  3 river rats
  2 white imps
  3 dart slugs
  5 ribbon worms
  11 orcs
  5 ball pythons
  5 endoplasms
  5 giant cockroaches
  15 goblins
  5 hobgoblins
  16 jackals
  8 quokkas
  5 bats
  4 frilled lizards
  12 kobolds
  7 rats
304 creatures vanquished.

Vanquished Creatures (collateral kills)
  A hydra (Lair:3)
  A catoblepas (Lair:4)
  3 death yaks
  A two-headed ogre (D:10)
  Sonja (Lair:4)
  A manticore (D:10)
  2 elephants
  A merfolk siren (Lair:3)
  3 cane toads
  An orange demon (Lair:1)
  A rime drake (Lair:4)
  2 komodo dragons (Lair:4)
  2 polar bears
  A hellwing (Lair:4)
  11 blink frogs (Lair:4)
  A wyvern (Lair:2)
  A spriggan (Lair:1)
  A basilisk (Lair:2)
  10 yaks
  Grum (D:8)
  8 water moccasins
  An orc warrior (D:8)
  2 wolves (D:8)
  A centaur (D:10)
  A bullfrog (Lair:4)
  5 killer bees (Lair:3)
  A howler monkey (D:9)
  A jelly (Lair:4)
  Crazy Yiuf (D:3)
  A gnoll bouda (D:10)
  6 hell rats
  An orc wizard (D:8)
  2 gnolls (D:10)
  An orc (D:7)
78 creatures vanquished.

Vanquished Creatures (others)
  9 orc apostles
  An orc priest (D:5)
  6 orcs
  An endoplasm (Lair:4)
17 creatures vanquished.

Grand Total: 399 creatures vanquished

Notes
Turn   | Place    | Note
-------+----------+-------------------------------------------
     0 | D:1      | lilyka the Felid Wanderer began the quest for the Orb.
     0 | D:1      | lilyka set off with the following items: a potion of
                  | berserk rage, a scroll of blinking, a scroll of fog; and
                  | the following spell memorised: Sandblast; and the following
                  | spells available to memorise: Stone Arrow.
     0 | D:1      | Reached XP level 1. HP: 10/10 MP: 4/4
   239 | D:1      | Reached XP level 2. HP: 14/14 MP: 4/6
  1057 | D:2      | Noticed Terence
  1147 | D:2      | Found a faded altar of an unknown god.
  1162 | D:2      | Prayed at the altar of an unknown god.
  1162 | D:2      | Became a worshipper of Beogh the Shepherd
  1162 | D:2      | Reached * piety under Beogh
  1181 | D:2      | Reached XP level 3. HP: 18/18 MP: 5/7
  1229 | D:2      | Learned a level 3 spell: Stone Arrow
  1686 | D:2      | Reached skill level 1 in Conjurations
  1794 | D:2      | Noticed Robin
  1827 | D:2      | Killed Robin
  1828 | D:2      | Reached skill level 1 in Evocations
  1828 | D:2      | Reached XP level 4. HP: 17/22 MP: 1/8
  1828 | D:2      | Gained a life (2 lives remaining)
  2443 | D:3      | Found a glowing drain.
  2452 | Sewer    | Entered a sewer
  2557 | Sewer    | Reached ** piety under Beogh
  2559 | Sewer    | Reached XP level 5. HP: 25/25 MP: 6/9
  2841 | Sewer    | Gained mutation: You are covered in thick fur. (AC +2)
                  | [Felid growth]
  2841 | Sewer    | Reached XP level 6. HP: 24/30 MP: 1/10
  3304 | Sewer    | Reached skill level 5 in Earth Magic
  3304 | Sewer    | Reached XP level 7. HP: 33/33 MP: 1/12
  3756 | Sewer    | Identified a scroll of acquirement
  4031 | D:3      | Found a runed translucent door.
  4032 | D:3      | Noticed justen's ghost (amateur CoAr)
  4219 | D:3      | Found a runed translucent door.
  4221 | D:3      | Noticed Ijyb
  4305 | D:3      | Found Noifraw's Magic Scroll Shop.
  4313 | D:3      | Bought a scroll of identify for 22 gold pieces
  4313 | D:3      | Bought a scroll of identify for 22 gold pieces
  4313 | D:3      | Bought a scroll of blinking for 82 gold pieces
  4313 | D:3      | Bought a scroll of teleportation for 33 gold pieces
  4371 | D:3      | Found a runed translucent door.
  4372 | D:3      | Noticed Crazy Yiuf
  5276 | D:4      | HP: 1/33 [sleepcap (6)]
  5681 | D:4      | Noticed Pikel
  5825 | D:4      | Learned a level 4 spell: Brom's Barrelling Boulder
  5937 | D:5      | Entered Level 5 of the Dungeon
  6235 | D:5      | Noticed Sigmund
  6679 | D:5      | Reached XP level 8. HP: 37/37 MP: 7/15
  6690 | D:5      | Reached skill level 5 in Conjurations
  6719 | D:5      | Reached *** piety under Beogh
  6743 | D:5      | Noticed Arkwar
  6857 | D:5      | Killed from afar by Arkwar the orc apostle
  6857 | D:5      | Lost a life (1 life remaining)
  6936 | D:5      | HP: 1/37 [Arkwar the orc apostle/divine providence (12)]
  6941 | D:5      | Was placed under penance by Beogh
  6941 | D:5      | Killed Arkwar the orc apostle
  6941 | D:5      | Fled from a divine trial
  7145 | D:5      | Found Dederr's Tiny Tomes.
  7174 | D:5      | Found Suwe Pot's Antique Weapon Shop.
  7943 | D:6      | Slain by a water moccasin
  7943 | D:6      | Lost a life (0 lives remaining)
  8284 | D:6      | Reached XP level 9. HP: 37/41 MP: 12/16
  8284 | D:6      | Gained a life (1 life remaining)
  8287 | D:6      | Was forgiven by Beogh
  8638 | D:6      | Found a glowing silver altar of Zin.
  8892 | D:5      | Killed Sigmund
  8893 | D:5      | Reached skill level 5 in Spellcasting
  9085 | D:2      | Killed Terence
  9271 | D:3      | Killed Ijyb
  9443 | D:3      | Killed justen's ghost
  9741 | D:4      | Killed Pikel
  9891 | D:6      | Acquired a book of Conjurations
  9898 | D:6      | Learned a level 4 spell: Fulminant Prism
  9936 | D:7      | Found Geju's Weapon Shoppe.
  9937 | D:7      | Identified the +2 cloak of Niock {*Corrode rPois rC+++
                  | Stlth-}
 10073 | D:7      | Found Gocil's Antique Armour Shop.
 10114 | D:7      | Reached skill level 1 in Alchemy
 10321 | D:7      | Noticed Joseph
 10362 | D:7      | Found a staircase to the Ecumenical Temple.
 10911 | D:7      | Found Gyompyr's Armour Boutique.
 11175 | D:7      | Found Zues's Assorted Antiques.
 11425 | D:8      | Noticed Gorm
 11446 | D:8      | Anointed Gorm the warrior as your apostle
 11613 | D:8      | Reached XP level 10. HP: 45/45 MP: 16/21
 11613 | D:8      | Gained a life (2 lives remaining)
 11616 | D:8      | Noticed Grum
 11625 | D:8      | Killed Grum
 11673 | D:8      | Noticed a death yak
 11685 | D:8      | Your ally Gorm died
 11691 | D:8      | Killed a death yak
 11942 | D:8      | Found a staircase to the Lair.
 12193 | D:8      | Noticed Jeremiah
 12461 | D:8      | Identified the +0 robe of Geeneh {Int+2 Dex+4}
 12882 | D:9      | Reached skill level 3 in Dodging
 13036 | D:9      | Found an opulent altar of Gozag.
 13040 | D:9      | Found a shadowy altar of Dithmenos.
 13087 | D:9      | Reached skill level 4 in Dodging
 13237 | D:9      | Found a white marble altar of Elyvilon.
 13383 | D:9      | Found Exelurchi's General Store.
 13390 | D:9      | Found a staircase to the Orcish Mines.
 13391 | D:9      | Bought a scroll of teleportation for 30 gold pieces
 13774 | D:3      | Killed Crazy Yiuf
 13775 | D:3      | Reached skill level 5 in Dodging
 13994 | D:7      | Killed Joseph
 14001 | D:7      | Bought a potion of heal wounds for 140 gold pieces
 14095 | D:10     | Entered Level 10 of the Dungeon
 14139 | D:10     | Noticed a manticore
 14146 | D:10     | Killed a manticore
 14147 | D:10     | Reached skill level 6 in Dodging
 14374 | D:10     | Noticed a two-headed ogre
 14375 | D:10     | Noticed a two-headed ogre
 14383 | D:10     | Killed a two-headed ogre
 14384 | D:10     | Reached XP level 11. HP: 54/54 MP: 18/24
 14389 | D:10     | Your ally Gorm died
 14391 | D:10     | Killed a two-headed ogre
 14392 | D:10     | Reached skill level 5 in Fighting
 14392 | D:10     | Reached skill level 7 in Dodging
 14616 | D:10     | Noticed a two-headed ogre
 14623 | D:10     | Killed a two-headed ogre
 14828 | D:10     | Noticed a two-headed ogre
 14843 | D:10     | Killed a two-headed ogre
 14844 | D:10     | Reached skill level 8 in Dodging
 15081 | D:10     | Reached **** piety under Beogh
 15249 | D:10     | Learned a level 5 spell: Borgnjor's Vile Clutch
 15369 | Lair:1   | Entered Level 1 of the Lair of Beasts
 15487 | Lair:1   | Noticed a five-headed hydra
 15567 | Lair:1   | Reached skill level 9 in Dodging
 15567 | Lair:1   | Reached skill level 1 in Necromancy
 15635 | Lair:1   | Noticed Wardok
 15665 | Lair:1   | Anointed Wardok the wizard as your apostle
 15781 | Lair:1   | Killed a five-headed hydra
 15782 | Lair:1   | Reached skill level 5 in Alchemy
 15866 | Lair:1   | Noticed Amaemon
 15877 | Lair:1   | Killed Amaemon
 16031 | Lair:1   | Reached skill level 5 in Necromancy
 16340 | Lair:1   | Noticed a death yak
 16348 | Lair:1   | Killed a death yak
 16745 | Lair:2   | Gained mutation: Your thick and shaggy fur keeps you warm.
                  | (AC +3, rC+) [Felid growth]
 16745 | Lair:2   | Reached XP level 12. HP: 61/61 MP: 23/25
 16952 | Lair:2   | Your ally Gorm died
 17620 | Lair:3   | Noticed Gastronok
 17627 | Lair:3   | Killed Gastronok
 17817 | Lair:3   | Found a hole to the Spider Nest.
 17897 | Lair:3   | Noticed a six-headed hydra
 17904 | Lair:3   | Killed a six-headed hydra
 17906 | Lair:3   | Reached skill level 10 in Spellcasting
 18079 | Lair:3   | Reached skill level 1 in Invocations
 18264 | Lair:3   | Found a staircase to the Shoals.
 18274 | Lair:3   | Noticed a death yak
 18275 | Lair:3   | Noticed a death yak
 18276 | Lair:3   | Noticed a death yak
 18280 | Lair:3   | Noticed a death yak
 18280 | Lair:3   | Killed a death yak
 18284 | Lair:3   | Noticed a death yak
 18287 | Lair:3   | Your ally Wardok died
 18291 | Lair:3   | Your ally Gorm died
 18302 | Lair:3   | Killed a death yak
 18355 | Lair:3   | Reached ***** piety under Beogh
 18356 | Lair:3   | Killed a death yak
 18525 | Lair:3   | Killed a death yak
 18530 | Lair:3   | Reached skill level 10 in Dodging
 18669 | Lair:3   | Killed a death yak
 19106 | Lair:4   | Found a viscous altar of Jiyva.
 19173 | Lair:4   | Noticed a four-headed hydra
 19336 | Lair:4   | Noticed a catoblepas
 19358 | Lair:4   | Killed a catoblepas
 19359 | Lair:4   | Reached skill level 5 in Invocations
 19359 | Lair:4   | Reached XP level 13. HP: 48/67 MP: 6/28
 19524 | Lair:4   | Found a staircase to the Slime Pits.
 19941 | Lair:4   | Anointed Ugbert the wizard as your apostle
 20387 | Lair:4   | Reached skill level 11 in Dodging
 20766 | Lair:4   | Noticed Sonja
 20781 | Lair:4   | Killed Sonja
 21001 | Lair:5   | Entered Level 5 of the Lair of Beasts
 21008 | Lair:5   | Your ally Gorm died
 21111 | Lair:5   | Your ally Wardok died
 21270 | Lair:4   | Your ally Ugbert died
 21287 | Lair:4   | Reached skill level 12 in Dodging
 22081 | Lair:5   | Reached skill level 13 in Dodging
 22099 | Lair:5   | Mangled by a dream sheep
 22099 | Lair:5   | Lost a life (1 life remaining)
 22603 | Lair:4   | Demolished by a death yak
 22603 | Lair:4   | Lost a life (0 lives remaining)
 22654 | Lair:4   | HP: 3/70 [dream sheep (6)]
 22658 | Lair:4   | Slain by a dream sheep

Illustrated notes

Levels and vault maps discovered:
D:1:      evilmike_arrival_crescent, layout_rooms, feat_on_display
D:2:      layout_loops_ring, chequers_ecumenical_altar_simple,
          grunt_decor_mini_mirrors, uniq_robin, uniq_terence
D:3:      layout_basic, ebering_ghost_sewer_f, serial_shops, shop_fountains,
          portal_sewer_entry_d, uniq_ijyb, uniq_crazy_yiuf_cottage
D:4:      layout_cave_pods, nicolae_figureground_sparkle, uniq_pikel
D:5:      layout_loops_corners, serial_shops, nicolae_inconvenience_store,
          nicolae_shop_i_like_small_books_too, uniq_sigmund
D:6:      layout_loops_ring, zin_scriptorium
D:7:      layout_basic, minmay_temple_entry_junction_2, serial_shops,
          nicolae_shop_back_alley_shop, shop, shop,
          nicolae_shop_competitors_out_of_business, uniq_joseph
D:8:      layout_loops_ring, dpeg_lair_monsters, minmay_statues_item,
          minivault_1, minmay_misc_feat_diagonals, serial_park_tiny_2,
          nicolae_letterblocks [nicolae_letter_subblock,
          nicolae_letter_subblock, nicolae_letter_subblock,
          nicolae_letter_subblock, nicolae_letter_subblock,
          nicolae_letter_subblock, nicolae_letter_subblock,
          nicolae_letter_subblock, nicolae_letter_subblock,
          nicolae_letter_subblock, nicolae_letter_subblock,
          nicolae_letter_subblock, nicolae_letter_subblock,
          nicolae_letter_subblock, nicolae_letter_subblock,
          nicolae_letter_subblock, nicolae_letter_subblock,
          nicolae_letter_subblock, nicolae_letter_subblock,
          nicolae_letter_subblock, nicolae_letter_subblock,
          nicolae_letter_subblock, nicolae_letter_subblock,
          nicolae_letter_subblock, nicolae_letter_subblock], uniq_jeremiah,
          uniq_grum
D:9:      layout_stronghold, grunt_temple_overflow_open, orc_0_dummy,
          serial_shops, shop
D:10:     minmay_recursive_quarters, layout_basic, minivault_20
Lair:1:   layout_regular_city, grunt_forest_large_clearing_hut, uniq_amaemon
Lair:2:   layout_loops_ring
Lair:3:   layout_loops_ring, minmay_shoals_entry_lonely_mermaid,
          hellmonk_spider_entry_not_the_bees, uniq_gastronok
Lair:4:   layout_gridlike, minmay_slime_entry_jelly_boxes,
          grunt_forest_small_clearing_treed, infiniplex_staircase_pool_2,
          uniq_sonja
Lair:5:   evilmike_catoblepas_cave, layout_small_grid,
          dreamdust_deal_with_the_devil, grunt_megastairs_5,
          infiniplex_staircase_pool, lemuel_fruit_tree

Skill      XL: |  1  2  3  4  5  6  7  8  9 10 11 12 13 |
---------------+----------------------------------------+-----
Earth Magic    | 2 3 5 6 7 8 |  8.0
Conjurations   | 1 2 3 4 7 8 |  8.0
Evocations     | 1 2 3 |  3.0
Spellcasting   | 3 4 6 8 10 | 10.0
Alchemy        | 2 4 5 |  5.0
Dodging        | 6 9 10 13 | 13.0
Fighting       | 4 6 7 8 |  8.9
Necromancy     | 6 8 9 |  9.0
Invocations    | 5 7 |  7.0
Unarmed Combat | |  4.0

Action                     |  1- 3 |  4- 6 |  7- 9 | 10-12 | 13-15 || total
---------------------------+-------+-------+-------+-------+-------++-------
  Melee: Unarmed           |    23 |    16 |    51 |    62 |    86 ||   238
         Bite              |     6 |       |     7 |    13 |    18 ||    44
         Punch             |       |       |     1 |     7 |     5 ||    13
   Cast: Sandblast         |    64 |    71 |   171 |    76 |    32 ||   414
         Stone Arrow       |       |     3 |    42 |   116 |    74 ||   235
         Brom's Barrelling |       |       |    22 |    10 |       ||    32
         Borgnjor's Vile C |       |       |       |    17 |    19 ||    36
 Invoke: Recall Apostles   |       |       |     1 |     3 |     2 ||     6
         Recruit Apostle   |       |       |     1 |     1 |     1 ||     3
  Evoke: Wand              |       |     7 |     5 |     5 |       ||    17
    Use: Scroll            |       |     4 |     8 |     5 |     6 ||    23
         Potion            |       |     4 |     9 |       |     1 ||    14
   Stab: Sleeping          |     1 |       |       |       |       ||     1
         Paralysed         |       |       |     9 |     1 |       ||    10
         Distracted        |       |       |       |     1 |       ||     1
 Armour: Skin              |    14 |    41 |    68 |    27 |    66 ||   216
  Dodge: Dodged            |    39 |    47 |   102 |    90 |   305 ||   583
  Block: Other             |     9 |    18 |    32 |    29 |    53 ||   141
         Reflection        |     1 |       |     3 |     5 |     1 ||    10

Table legend: (Time is in decaauts)
 A = Elapsed time spent in this place.
 B = Non-inter-level travel time spent in this place.
 C = Inter-level travel time spent in this place.
 D = Time resting spent in this place.
 E = Time spent auto-exploring this place.
 F = Levels seen in this place.
 G = Mean time per level.
                   A        B        C        D        E       F      G
               +--------+--------+--------+--------+--------+-----+--------+
         Total |  23089 |  21627 |   1462 |   5140 |  12485 |  16 | 1443.1 |
       Dungeon |  14215 |  13176 |   1039 |   2655 |   8380 |  10 | 1421.5 |
          Lair |   7343 |   6921 |    422 |   2022 |   3489 |   5 | 1468.6 |
         Sewer |   1531 |   1531 |      0 |    463 |    616 |   1 | 1531.0 |
               +--------+--------+--------+--------+--------+-----+--------+

Top non-repeatable levels by time:
  Lair:4: 2803 daAuts
     D:3: 2034 daAuts
  Lair:3: 1654 daAuts
     D:4: 1613 daAuts
     D:5: 1588 daAuts
   Sewer: 1531 daAuts
     D:6: 1511 daAuts
     D:7: 1456 daAuts
     D:8: 1410 daAuts
  Lair:1: 1353 daAuts
     D:2: 1328 daAuts
    D:10: 1240 daAuts
     D:9: 1067 daAuts
     D:1: 963 daAuts
  Lair:2: 890 daAuts
